Map: Rifts to Korhal

Players

sTkmonk

  • Race: Terran Terran
  • Spawn Location: 7:00

monk

  • Race: Terran Terran
  • Spawn Location: 7:00

VOD

Have the link to the VOD?

Description

Time

  • Played on: Sept. 19, 2017, 1:43 a.m.
  • Length: 21:15
Show
View Real Time Build Order
Export as new Build Order

sTkmonk Terran 

Build Orders:  

Get SALT Encoding   

Show
View Real Time Build Order
Export as new Build Order

monk Terran 

Build Orders:  

Get SALT Encoding   

  12  0:06  SCV  
  13  0:23  SCV  
  13  0:28  Supply Depot  
  5  0:40  SCV  
  16  1:00  SCV, Factory  
  16  1:17  SCV  
  17  1:34  SCV  
  17  1:36  Devastation Turret  
  19  1:51  SCV  
  19  1:54  Perdition Turret  
  19  2:08  SCV  
  20  2:13  Perdition Turret  
  20  2:20  Supply Depot  
  20  2:25  SCV  
  21  2:30  Perdition Turret  
  22  2:42  SCV  
  22  2:49  Perdition Turret  
  22  2:50  Perdition Turret x2  
  22  2:59  SCV  
  23  3:05  Command Center  
  23  3:10  Refinery  
  23  3:11  Refinery  
  23  3:17  SCV  
  25  3:30  SCV  
  25  3:33  SCV  
  25  3:37  Refinery  
  25  3:39  Factory Tech Reactor  
  26  3:47  SCV  
  27  3:54  SCV  
  28  4:04  SCV  
  28  4:06  Refinery  
  29  4:15  SCV  
  31  4:20  Supply Depot  
  31  4:21  SCV  
  32  4:32  SCV  
  32  4:36  Factory Tech Reactor  
  32  4:38  SCV  
  33  4:49  SCV  
  34  4:54  SCV  
  34  4:55  Starport  
  35  5:05  SCV  
  35  5:08  Siege Tank x2  
  43  5:11  SCV  
  43  5:15  Supply Depot  
  44  5:22  SCV  
  44  5:28  SCV  
  44  5:29  Maelstrom Rounds  
  45  5:39  SCV  
  46  5:45  Starport Tech Reactor  
  46  5:46  Supply Depot  
  46  5:47  Hercules  
  49  5:53  SCV  
  49  5:56  SCV  
  51  6:03  Siege Tank  
  51  6:06  Siege Tank  
  58  6:10  SCV  
  58  6:13  SCV  
  58  6:18  Supply Depot  
  59  6:29  SCV  
  61  6:32  SCV  
  61  6:34  Science Vessel x2  
  65  6:40  Improved Nano-Repair  
  65  6:46  SCV  
  67  6:51  SCV  
  67  6:52  Armory  
  67  7:06  SCV  
  67  7:08  SCV  
  69  7:17  Supply Depot  
  69  7:24  Upgrade Laser Drill Level 1  
  69  7:26  Terran Vehicle and Ship Weapons Level 1  
  69  7:35  SCV  
  69  7:36  SCV  
  72  7:50  Siege Tank x2  
  72  7:52  SCV  
  72  7:55  Supply Depot  
  78  8:07  Defensive Matrix  
  78  8:16  Supply Depot  
  78  8:40  Siege Tank x2  
  78  8:49  Supply Depot  
  84  8:56  Factory  
  84  9:16  Goliath x2  
  88  9:21  Perdition Turret  
  88  9:31  Factory Tech Reactor  
  88  9:42  Perdition Turret  
  88  9:46  Ares-Class Targeting System  
  88  9:48  Goliath x2  
  92  10:13  Goliath x2  
  92  10:17  Terran Vehicle and Ship Weapons Level 2, Supply Depot  
  96  10:20  Goliath  
  96  10:25  Perdition Turret  
  96  10:27  Perdition Turret  
  98  10:34  Upgrade Laser Drill Level 2  
  98  10:38  Supply Depot  
  98  10:46  Multi-Lock Weapons System  
  98  10:47  Goliath  
  100  10:56  Goliath x2  
  104  11:00  Supply Depot  
  104  11:02  Supply Depot  
  104  11:11  Goliath  
  106  11:21  Perdition Turret  
  106  11:28  Perdition Turret x2  
  106  11:32  Supply Depot  
  106  11:34  Goliath  
  106  11:37  Supply Depot  
  107  11:41  Goliath x2  
  111  11:59  Goliath  
  113  12:06  Goliath  
  113  12:09  Science Vessel x2  
  119  12:19  Perdition Turret  
  119  12:22  Perdition Turret  
  119  12:24  Goliath  
  121  12:43  Goliath x3  
  121  12:48  Supply Depot  
  127  12:57  Hercules  
  130  13:01  Goliath  
  132  13:11  Supply Depot  
  132  13:15  Goliath  
  132  13:22  Goliath x2  
  134  13:34  Goliath  
  136  13:40  Perdition Turret  
  136  14:22  Goliath  
  136  14:23  Goliath x2  
  136  14:24  Perdition Turret  
  136  14:25  Perdition Turret  
  136  14:26  Perdition Turret  
  142  14:46  Goliath  
  142  14:49  Terran Vehicle and Ship Weapons Level 3  
  144  14:51  Armory  
  144  14:54  Goliath  
  144  14:55  Goliath x2  
  150  15:11  Perdition Turret x2  
  150  15:18  Goliath  
  150  15:26  Goliath  
  150  15:27  Goliath  
  152  15:35  Goliath  
  152  15:39  Regenerative Bio-Steel  
  154  15:50  Goliath  
  154  15:58  Goliath  
  158  16:24  Goliath x3  
  164  16:30  Goliath, Supply Depot x2  
  166  16:56  Goliath x3  
  172  17:08  Goliath  
  174  17:28  Goliath x3  
  180  17:40  Goliath, Advanced Optics  
  180  17:43  Perdition Turret  
  180  17:44  Perdition Turret  
  180  17:46  Perdition Turret  
  180  17:47  Perdition Turret x2  
  182  17:50  Perdition Turret  
  182  17:56  Perdition Turret x2  
  182  18:00  Goliath x3  
  182  18:09  Supply Depot  
  188  18:12  Goliath, Supply Depot  
  186  18:37  Science Vessel x2  
  186  18:39  Goliath x2  
  192  18:59  Goliath  
  115  19:00  Goliath  
  192  19:11  Goliath  
  194  19:21  Goliath  
  194  19:28  Siege Tank  
  196  19:34  Goliath  
  196  19:35  Goliath  
Tags
 
Commander
RaynorSwann
Matchup
Co-op
Replay Pack
Co-op Speedrun
Add a new tag
Caveats
  • Supply blocks, unpowered buildings, or Contaminate may cause inaccurate times.
  • Supply counts are checked every 10 seconds.